Workbook

Sheet Instructions
A1: Invoice Instructions and Guidelines
A2: · Enter the agency and program information on the top of the first month tab for the first month of the contract year. You will note that anything entered in this section will auto-populate the remaining tabs.
A3: **** PLEASE SEE BLUE SHADED LINES ON 'EXAMPLE' TAB ****
A5: · The monthly invoice ending date (a.k.a. Service Date), and invoice period covered are usually pre-entered. But please verify these dates are correct for the monthly data you are entering.
A6: **** PLEASE SEE GREEN SHADED LINES ON 'EXAMPLE' TAB ****
A8: · Enter the Program Code, Program Name, and Contract Budget on the first month of the contract year. This information can be found on your contract document or you can ask your program manager.
A9: **** PLEASE SEE ORANGE SHADED LINES ON 'EXAMPLE' TAB ****
A10: · Enter the annual contract line-item budget amounts in the “Contract Budgeted Amount” column. This information can be found on your contract document (last few pages) or you can ask your program manager.
A11: **** PLEASE SEE GRAY SHADED CELLS ON 'EXAMPLE' TAB ****
A12: · Enter the current month’s expenditures into the “This month’s TDMHSAS Expenditures” column. You will note that the “Year-to-date Expenditures Billed to TDMHSAS” column will be automatically updated.
A13: **** PLEASE SEE RED SHADED CELLS ON 'EXAMPLE' TAB ****
A15: · If a monthly expenditure line item causes the “Year-to-date Expenditures Billed to TDMHSAS” column to exceed the budgeted amount for that line, the entry will turn red. This may indicate an entry error or the need for a budget revision. If the red flag is not due to an entry error, contact the Program Manager for a resolution of the line-item overage.
... A38: If you have any questions or hit any roadblocks please send an email to MHSAS.Fiscal.Invoices@TN.gov.

Sheet Example
B1: STATE OF TENNESSEE | K1: FY - 2027
B2: DEPARTMENT OF MENTAL HEALTH AND SUBSTANCE ABUSE SERVICES
B3: INVOICE FOR REIMBURSEMENT
A6: (EDISON) NAME OF GRANTEE : | C6: YOUR ORGANIZATION'S NAME (as submitted to and recorded on Edison) | F6: GRANTEE REFERENCE #: | J6: THIS FIELD IS UNUSED BY US. USE IT AS YOU PLEASE.
A7: (EDISON) REMITTANCE ADDRESS: | C7: YOUR ORGANIZATION'S ADDRESS (as submitted to and recorded on Edison) | F7: MONTHLY INVOICE ENDING DATE: | J7: 10/31/2026 (auto-populated)
C8: YOUR ORGANIZATION'S CITY/STATE/ZIP (as submitted to and recorded on Edison) | F8: INVOICE PERIOD COVERED: | J8: 10/01/2026 thru 10/31/2026 (auto-populated)
A9: (EDISON) VENDOR NUMBER: | C9: THIS IS YOUR ORGANIZATION'S UNIQUE NUMBER ASSIGNED BY THE STATE | F9: INVOICE PREPARER NAME: | J9: BEST PERSON TO ASK IF THERE ARE INVOICE QUESTIONS
A10: (EDISON) CONTRACT # | C10: THIS IS THE CONTRACT NUMBER FOR THIS PROGRAM | F10: TELEPHONE #: | J10: THAT PERSON'S TELEPHONE NUMBER
A11: CONTRACT PERIOD: | C11: THIS IS THE CONTRACT'S START DATE AND END DATE | F11: E-MAIL: | J11: THAT PERSON'S EMAIL ADDRESS
A14: THIS FORM IS DESIGNED TO BE USED FOR ONE PROGRAM, IF YOU HAVE SEVERAL PROGRAMS, YOU MUST COMPLETE A FORM FOR EACH PROGRAM.
A15: 27
A16: PROGRAM CODE: | B16: THIS IS THE PROGRAM CODE | D16: CONTRACT BUDGETED AMOUNT | E16: YEAR-TO-DATE EXPENDITURES BILLED TO TDMHSAS | F16: THIS MONTH’S TDMHSAS EXPENDITURES | I16: AMOUNT DUE | K16: TDMHSAS USE ONLY
A17: PROGRAM NAME: | B17: PROGRAM'S NAME FOR THIS PROGRAM CODE
A18: CONTRACT BUDGET: | B18: PROGRAM'S TOTAL BUDGET FOR FY27
A19: 1 & 2 | B19: SALARIES, BENEFITS & TAXES | D19: 1000 | E19: 868 | F19: 145.15 | H19: =SUM(F31) -> 581.15 | K19: P.O. #:
A20: 4, 15 | B20: PROFESSIONAL FEES/GRANTS AND AWARDS | D20: 500 | E20: 398 | F20: 125 | H20: Reconciliation Explanation Below | I20: Please use the below space for any comments about your monthly expenses (for example: you are including a true-up or you are including a refund due to the state).
A21: 5, 6, 7, 8,9 & 10 | B21: SUPPLIES, TELEPHONE, POSTAGE, OCCUPANCY EQUIPMENT RENTAL & PRINTING | D21: 250 | E21: =SUM(F21) -> 251 | F21: 251
A22: 11 & 12 | B22: TRAVEL, CONFERENCES & MEETINGS | D22: 300 | E22: =SUM(F22) -> 60 | F22: 60 | I22: SAMPLE COMMENT…..Actual expenses in Prof. Fees this month were $143.00 but there is an $18.00 credit included this month because the January invoice was over-stated. Two numbers were transposed causing an $18.00 miscalculation. | K22: CONTRACT#
A23: 13 | B23: INTEREST | E23: =SUM(F23) -> 0 | K23: AUTO POPULATED
A24: 14 | B24: INSURANCE | E24: =SUM(F24) -> 0
A25: 16 | B25: SPECIFIC ASSISTANCE TO INDIVIDUALS | E25: =SUM(F25) -> 0 | K25: PROGRAM #
A26: 17 | B26: DEPRECIATION | E26: =SUM(F26) -> 0 | K26: AUTO POPULATED
A27: 18 | B27: OTHER NONPERSONNEL EXPENSES | E27: =SUM(F27) -> 0
A28: 20 | B28: CAPITAL PURCHASE | E28: =SUM(F28) -> 0 | K28: AMOUNT:
A29: 21 | B29: TOTAL DIRECT PROGRAM EXPENSES | D29: =SUM(D19:D28) -> 2050 | E29: =SUM(E19:E28) -> 1577 | F29: =SUM(F19:G28) -> 581.15 | K29: AUTO POPULATED
A30: 22 | B30: INDIRECT COSTS / ADMINISTRATIVE EXPENSES | E30: =ROUND(SUM(F30),2) -> 0
A31: 23 | B31: TOTAL DIRECT AND ADMINISTRATIVE EXPENSES | D31: =SUM(D29:D30) -> 2050 | E31: =SUM(E29:E30) -> 1577 | F31: =SUM(F29:G30) -> 581.15 | K31: TOTAL:
A32: 24 | B32: IN-KIND EXPENSES | E32: =SUM(F32) -> 0 | K32: $
A33: 25 | B33: TOTAL EXPENSES | D33: =SUM(D31:D32) -> 2050 | E33: =SUM(E31:E32) -> 1577 | F33: =SUM(F31:G32) -> 581.15
A34: I Certify, to the Best of my Knowledge and Belief, the data above is correct and all expenditures were made in accordance with the contract conditions and payment is due and has not been previously requested.
A36: (REQUIRED) GRANTEE'S AUTHORIZED SIGNATURE: | G36: APPROVED BY:____________________________DATE___________________
A37: NAME TITLE | G37: If not approved for payment – please state reason: ___________________________
G38: ___________________________________________________________________
A39: DATE | C39: Additional Comments if needed | G39: DISAPPROVED BY:____________________________ DATE:____________PROGRAM DIRECTOR
A40: TIMELY FILED, ERROR FREE INVOICES SPEED UP PAYMENT PROCESSING AND ARE APPRECIATED. | K40: Form Date: 7/30/26

Sheet Oct
B1: STATE OF TENNESSEE | K1: FY - 2027
B2: DEPARTMENT OF MENTAL HEALTH AND SUBSTANCE ABUSE SERVICES
B3: INVOICE FOR REIMBURSEMENT
A6: (EDISON) NAME OF GRANTEE : | F6: GRANTEE REFERENCE #:
A7: (EDISON) REMITTANCE ADDRESS: | F7: MONTHLY INVOICE ENDING DATE: | J7: =+Sheet1!G6 -> 46326
F8: INVOICE PERIOD COVERED: | J8: =+Sheet1!L6 -> 10/01/2026 thru 10/31/2026
A9: (EDISON) VENDOR NUMBER: | F9: INVOICE PREPARER NAME:
A10: (EDISON) CONTRACT # | F10: TELEPHONE #:
A11: CONTRACT PERIOD: | F11: E-MAIL:
A14: THIS FORM IS DESIGNED TO BE USED FOR ONE PROGRAM, IF YOU HAVE SEVERAL PROGRAMS, YOU MUST COMPLETE A FORM FOR EACH PROGRAM.
A16: PROGRAM CODE: | D16: CONTRACT BUDGETED AMOUNT | E16: YEAR-TO-DATE EXPENDITURES BILLED TO TDMHSAS | F16: THIS MONTH’S TDMHSAS EXPENDITURES | I16: AMOUNT DUE | K16: TDMHSAS USE ONLY
A17: PROGRAM NAME:
A18: CONTRACT BUDGET:
A19: 1 & 2 | B19: SALARIES, BENEFITS & TAXES | E19: =SUM(F19) -> 0 | H19: =SUM(F31) -> 0 | K19: P.O. #:
A20: 4, 15 | B20: PROFESSIONAL FEES/GRANTS AND AWARDS | E20: =SUM(F20) -> 0 | H20: Reconciliation Explanation Below | I20: Please use the below space for any comments about your monthly expenses (for example: you are including a true-up or you are including a refund due to the state).
A21: 5, 6, 7, 8,9 & 10 | B21: SUPPLIES, TELEPHONE, POSTAGE, OCCUPANCY EQUIPMENT RENTAL & PRINTING | E21: =SUM(F21) -> 0
A22: 11 & 12 | B22: TRAVEL, CONFERENCES & MEETINGS | E22: =SUM(F22) -> 0 | K22: CONTRACT#
A23: 13 | B23: INTEREST | E23: =SUM(F23) -> 0 | K23: =+C10 -> 0
A24: 14 | B24: INSURANCE | E24: =SUM(F24) -> 0
A25: 16 | B25: SPECIFIC ASSISTANCE TO INDIVIDUALS | E25: =SUM(F25) -> 0 | K25: PROGRAM #
A26: 17 | B26: DEPRECIATION | E26: =SUM(F26) -> 0 | K26: =+B16 -> 0
A27: 18 | B27: OTHER NONPERSONNEL EXPENSES | E27: =SUM(F27) -> 0
A28: 20 | B28: CAPITAL PURCHASE | E28: =SUM(F28) -> 0 | K28: AMOUNT:
A29: 21 | B29: TOTAL DIRECT PROGRAM EXPENSES | D29: =SUM(D19:D28) -> 0 | E29: =SUM(E19:E28) -> 0 | F29: =SUM(F19:G28) -> 0 | K29: =F31 -> 0
A30: 22 | B30: INDIRECT COSTS / ADMINISTRATIVE EXPENSES | E30: =+ROUND(SUM(F30),2) -> 0
A31: 23 | B31: TOTAL DIRECT AND ADMINISTRATIVE EXPENSES | D31: =SUM(D29:D30) -> 0 | E31: =SUM(E29:E30) -> 0 | F31: =SUM(F29:G30) -> 0 | K31: TOTAL:
A32: 24 | B32: IN-KIND EXPENSES | E32: =SUM(F32) -> 0 | K32: $
A33: 25 | B33: TOTAL EXPENSES | D33: =SUM(D31:D32) -> 0 | E33: =SUM(E31:E32) -> 0 | F33: =SUM(F31:G32) -> 0
A34: I Certify, to the Best of my Knowledge and Belief, the data above is correct and all expenditures were made in accordance with the contract conditions and payment is due and has not been previously requested. | G34: TDMHSAS SECTION ONLY
A36: (REQUIRED) GRANTEE'S AUTHORIZED SIGNATURE: | G36: APPROVED BY:____________________________DATE___________________
A37: NAME TITLE | G37: If not approved for payment – please state reason: ___________________________
G38: ___________________________________________________________________
A39: DATE | C39: Additional Comments if needed | G39: DISAPPROVED BY:____________________________ DATE:____________PROGRAM DIRECTOR
A40: TIMELY FILED, ERROR FREE INVOICES SPEED UP PAYMENT PROCESSING AND ARE APPRECIATED. | K40: Form Date: 9/21/2026

Sheet Nov
B1: STATE OF TENNESSEE | K1: =+Oct!K1 -> FY - 2027
B2: DEPARTMENT OF MENTAL HEALTH AND SUBSTANCE ABUSE SERVICES
B3: INVOICE FOR REIMBURSEMENT
A6: (EDISON) NAME OF GRANTEE : | C6: =IF(Oct!C6="","",Oct!C6) | F6: GRANTEE REFERENCE #:
A7: (EDISON) REMITTANCE ADDRESS: | C7: =IF(Oct!C7="","",Oct!C7) | F7: MONTHLY INVOICE ENDING DATE: | J7: =+Sheet1!G7 -> 46356
C8: =IF(Oct!C8="","",Oct!C8) | F8: INVOICE PERIOD COVERED: | J8: =+Sheet1!L7 -> 11/01/2026 thru 11/30/2026
A9: (EDISON) VENDOR NUMBER: | C9: =IF(Oct!C9="","",Oct!C9) | F9: INVOICE PREPARER NAME: | J9: =IF(Oct!J9="","",Oct!J9)
A10: (EDISON) CONTRACT # | C10: =IF(Oct!C10="","",Oct!C10) | F10: TELEPHONE #: | J10: =IF(Oct!J10="","",Oct!J10)
A11: CONTRACT PERIOD: | C11: =IF(Oct!C11="","",Oct!C11) | F11: E-MAIL: | J11: =IF(Oct!J11="","",Oct!J11)
A14: THIS FORM IS DESIGNED TO BE USED FOR ONE PROGRAM, IF YOU HAVE SEVERAL PROGRAMS, YOU MUST COMPLETE A FORM FOR EACH PROGRAM.
A16: PROGRAM CODE: | B16: =IF(Oct!B16="","",Oct!B16) | D16: CONTRACT BUDGETED AMOUNT | E16: YEAR-TO-DATE EXPENDITURES BILLED TO TDMHSAS | F16: THIS MONTH’S TDMHSAS EXPENDITURES | I16: AMOUNT DUE | K16: TDMHSAS USE ONLY
A17: PROGRAM NAME: | B17: =IF(Oct!B17="","",Oct!B17)
A18: CONTRACT BUDGET: | B18: =IF(Oct!B18="","",Oct!B18)
A19: 1 & 2 | B19: SALARIES, BENEFITS & TAXES | D19: =Oct!D19 -> 0 | E19: =SUM(F19)+Oct!E19 -> 0 | H19: =SUM(F31) -> 0 | K19: P.O. #:
A20: 4, 15 | B20: PROFESSIONAL FEES/GRANTS AND AWARDS | D20: =Oct!D20 -> 0 | E20: =SUM(F20)+Oct!E20 -> 0 | H20: Reconciliation Explanation Below | I20: Please use the below space for any comments about your monthly expenses (for example: you are including a true-up or you are including a refund due to the state).
A21: 5, 6, 7, 8,9 & 10 | B21: SUPPLIES, TELEPHONE, POSTAGE, OCCUPANCY EQUIPMENT RENTAL & PRINTING | D21: =Oct!D21 -> 0 | E21: =SUM(F21)+Oct!E21 -> 0
A22: 11 & 12 | B22: TRAVEL, CONFERENCES & MEETINGS | D22: =Oct!D22 -> 0 | E22: =SUM(F22)+Oct!E22 -> 0 | K22: CONTRACT#
A23: 13 | B23: INTEREST | D23: =Oct!D23 -> 0 | E23: =SUM(F23)+Oct!E23 -> 0 | K23: =+C10
A24: 14 | B24: INSURANCE | D24: =Oct!D24 -> 0 | E24: =SUM(F24)+Oct!E24 -> 0
A25: 16 | B25: SPECIFIC ASSISTANCE TO INDIVIDUALS | D25: =Oct!D25 -> 0 | E25: =SUM(F25)+Oct!E25 -> 0 | K25: PROGRAM #
A26: 17 | B26: DEPRECIATION | D26: =Oct!D26 -> 0 | E26: =SUM(F26)+Oct!E26 -> 0 | K26: =+B16
A27: 18 | B27: OTHER NONPERSONNEL EXPENSES | D27: =Oct!D27 -> 0 | E27: =SUM(F27)+Oct!E27 -> 0
A28: 20 | B28: CAPITAL PURCHASE | D28: =Oct!D28 -> 0 | E28: =SUM(F28)+Oct!E28 -> 0 | K28: AMOUNT:
A29: 21 | B29: TOTAL DIRECT PROGRAM EXPENSES | D29: =SUM(D19:D28) -> 0 | E29: =SUM(E19:E28) -> 0 | F29: =SUM(F19:G28) -> 0 | K29: =F31 -> 0
A30: 22 | B30: INDIRECT COSTS / ADMINISTRATIVE EXPENSES | D30: =Oct!D30 -> 0 | E30: =+ROUND(SUM(F30),2)+Oct!E30 -> 0
A31: 23 | B31: TOTAL DIRECT AND ADMINISTRATIVE EXPENSES | D31: =SUM(D29:D30) -> 0 | E31: =SUM(E29:E30) -> 0 | F31: =SUM(F29:G30) -> 0 | K31: TOTAL:
A32: 24 | B32: IN-KIND EXPENSES | D32: =Oct!D32 -> 0 | E32: =SUM(F32)+Oct!E32 -> 0 | K32: $
A33: 25 | B33: TOTAL EXPENSES | D33: =SUM(D31:D32) -> 0 | E33: =SUM(E31:E32) -> 0 | F33: =SUM(F31:G32) -> 0
A34: I Certify, to the Best of my Knowledge and Belief, the data above is correct and all expenditures were made in accordance with the contract conditions and payment is due and has not been previously requested. | G34: TDMHSAS SECTION ONLY
A36: (REQUIRED) GRANTEE'S AUTHORIZED SIGNATURE: | G36: APPROVED BY:____________________________DATE___________________
A37: NAME TITLE | G37: If not approved for payment – please state reason: ___________________________
G38: ___________________________________________________________________
A39: DATE | C39: Additional Comments if needed | G39: DISAPPROVED BY:____________________________ DATE:____________PROGRAM DIRECTOR
A40: TIMELY FILED, ERROR FREE INVOICES SPEED UP PAYMENT PROCESSING AND ARE APPRECIATED. | K40: =+Oct!K40 -> Form Date: 9/21/2026

Sheet Dec
B1: STATE OF TENNESSEE | K1: =+Oct!K1 -> FY - 2027
B2: DEPARTMENT OF MENTAL HEALTH AND SUBSTANCE ABUSE SERVICES
B3: INVOICE FOR REIMBURSEMENT
A6: (EDISON) NAME OF GRANTEE : | C6: =IF(Nov!C6="","",Nov!C6) | F6: GRANTEE REFERENCE #:
A7: (EDISON) REMITTANCE ADDRESS: | C7: =IF(Nov!C7="","",Nov!C7) | F7: MONTHLY INVOICE ENDING DATE: | J7: =+Sheet1!G8 -> 46387
C8: =IF(Nov!C8="","",Nov!C8) | F8: INVOICE PERIOD COVERED: | J8: =+Sheet1!L8 -> 12/01/2026 thru 12/31/2026
A9: (EDISON) VENDOR NUMBER: | C9: =IF(Nov!C9="","",Nov!C9) | F9: INVOICE PREPARER NAME: | J9: =IF(Nov!J9="","",Nov!J9)
A10: (EDISON) CONTRACT # | C10: =IF(Nov!C10="","",Nov!C10) | F10: TELEPHONE #: | J10: =IF(Nov!J10="","",Nov!J10)
A11: CONTRACT PERIOD: | C11: =IF(Nov!C11="","",Nov!C11) | F11: E-MAIL: | J11: =IF(Nov!J11="","",Nov!J11)
A14: THIS FORM IS DESIGNED TO BE USED FOR ONE PROGRAM, IF YOU HAVE SEVERAL PROGRAMS, YOU MUST COMPLETE A FORM FOR EACH PROGRAM.
A16: PROGRAM CODE: | B16: =IF(Nov!B16="","",Nov!B16) | D16: CONTRACT BUDGETED AMOUNT | E16: YEAR-TO-DATE EXPENDITURES BILLED TO TDMHSAS | F16: THIS MONTH’S TDMHSAS EXPENDITURES | I16: AMOUNT DUE | K16: TDMHSAS USE ONLY
A17: PROGRAM NAME: | B17: =IF(Nov!B17="","",Nov!B17)
A18: CONTRACT BUDGET: | B18: =IF(Nov!B18="","",Nov!B18)
A19: 1 & 2 | B19: SALARIES, BENEFITS & TAXES | D19: =Nov!D19 -> 0 | E19: =SUM(F19)+Nov!E19 -> 0 | H19: =SUM(F31) -> 0 | I19: =SUM(F31) -> 0 | K19: P.O. #:
A20: 4, 15 | B20: PROFESSIONAL FEES/GRANTS AND AWARDS | D20: =Nov!D20 -> 0 | E20: =SUM(F20)+Nov!E20 -> 0 | I20: Please use the below space for any comments about your monthly expenses (for example: you are including a true-up or you are including a refund due to the state).
A21: 5, 6, 7, 8,9 & 10 | B21: SUPPLIES, TELEPHONE, POSTAGE, OCCUPANCY EQUIPMENT RENTAL & PRINTING | D21: =Nov!D21 -> 0 | E21: =SUM(F21)+Nov!E21 -> 0
A22: 11 & 12 | B22: TRAVEL, CONFERENCES & MEETINGS | D22: =Nov!D22 -> 0 | E22: =SUM(F22)+Nov!E22 -> 0 | K22: CONTRACT#
A23: 13 | B23: INTEREST | D23: =Nov!D23 -> 0 | E23: =SUM(F23)+Nov!E23 -> 0 | K23: =+C10
A24: 14 | B24: INSURANCE | D24: =Nov!D24 -> 0 | E24: =SUM(F24)+Nov!E24 -> 0
A25: 16 | B25: SPECIFIC ASSISTANCE TO INDIVIDUALS | D25: =Nov!D25 -> 0 | E25: =SUM(F25)+Nov!E25 -> 0 | K25: PROGRAM #
A26: 17 | B26: DEPRECIATION | D26: =Nov!D26 -> 0 | E26: =SUM(F26)+Nov!E26 -> 0 | K26: =+B16
A27: 18 | B27: OTHER NONPERSONNEL EXPENSES | D27: =Nov!D27 -> 0 | E27: =SUM(F27)+Nov!E27 -> 0
A28: 20 | B28: CAPITAL PURCHASE | D28: =Nov!D28 -> 0 | E28: =SUM(F28)+Nov!E28 -> 0 | K28: AMOUNT:
A29: 21 | B29: TOTAL DIRECT PROGRAM EXPENSES | D29: =SUM(D19:D28) -> 0 | E29: =SUM(E19:E28) -> 0 | F29: =SUM(F19:G28) -> 0 | K29: =F31 -> 0
A30: 22 | B30: INDIRECT COSTS / ADMINISTRATIVE EXPENSES | D30: =Nov!D30 -> 0 | E30: =ROUND(SUM(F30),2)+Nov!E30 -> 0
A31: 23 | B31: TOTAL DIRECT AND ADMINISTRATIVE EXPENSES | D31: =SUM(D29:D30) -> 0 | E31: =SUM(E29:E30) -> 0 | F31: =SUM(F29:G30) -> 0 | K31: TOTAL:
A32: 24 | B32: IN-KIND EXPENSES | D32: =Nov!D32 -> 0 | E32: =SUM(F32)+Nov!E32 -> 0 | K32: $
A33: 25 | B33: TOTAL EXPENSES | D33: =SUM(D31:D32) -> 0 | E33: =SUM(E31:E32) -> 0 | F33: =SUM(F31:G32) -> 0
A34: I Certify, to the Best of my Knowledge and Belief, the data above is correct and all expenditures were made in accordance with the contract conditions and payment is due and has not been previously requested. | G34: TDMHSAS SECTION ONLY
A36: (REQUIRED) GRANTEE'S AUTHORIZED SIGNATURE: | G36: APPROVED BY:____________________________DATE___________________
A37: NAME TITLE | G37: If not approved for payment – please state reason: ___________________________
G38: ___________________________________________________________________
A39: DATE | C39: Additional Comments if needed | G39: DISAPPROVED BY:____________________________ DATE:____________PROGRAM DIRECTOR
A40: TIMELY FILED, ERROR FREE INVOICES SPEED UP PAYMENT PROCESSING AND ARE APPRECIATED. | K40: =+Oct!K40 -> Form Date: 9/21/2026

Sheet Jan
B1: STATE OF TENNESSEE | K1: =+Oct!K1 -> FY - 2027
B2: DEPARTMENT OF MENTAL HEALTH AND SUBSTANCE ABUSE SERVICES
B3: INVOICE FOR REIMBURSEMENT
A6: (EDISON) NAME OF GRANTEE : | C6: =IF(Dec!C6="","",Dec!C6) | F6: GRANTEE REFERENCE #:
A7: (EDISON) REMITTANCE ADDRESS: | C7: =IF(Dec!C7="","",Dec!C7) | F7: MONTHLY INVOICE ENDING DATE: | J7: =+Sheet1!G9 -> 46418
C8: =IF(Dec!C8="","",Dec!C8) | F8: INVOICE PERIOD COVERED: | J8: =+Sheet1!L9 -> 01/01/2027 thru 01/31/2027
A9: (EDISON) VENDOR NUMBER: | C9: =IF(Dec!C9="","",Dec!C9) | F9: INVOICE PREPARER NAME: | J9: =IF(Dec!J9="","",Dec!J9)
A10: (EDISON) CONTRACT # | C10: =IF(Dec!C10="","",Dec!C10) | F10: TELEPHONE #: | J10: =IF(Dec!J10="","",Dec!J10)
A11: CONTRACT PERIOD: | C11: =IF(Dec!C11="","",Dec!C11) | F11: E-MAIL: | J11: =IF(Dec!J11="","",Dec!J11)
A14: THIS FORM IS DESIGNED TO BE USED FOR ONE PROGRAM, IF YOU HAVE SEVERAL PROGRAMS, YOU MUST COMPLETE A FORM FOR EACH PROGRAM.
A16: PROGRAM CODE: | B16: =IF(Dec!B16="","",Dec!B16) | D16: CONTRACT BUDGETED AMOUNT | E16: YEAR-TO-DATE EXPENDITURES BILLED TO TDMHSAS | F16: THIS MONTH’S TDMHSAS EXPENDITURES | I16: AMOUNT DUE | K16: TDMHSAS USE ONLY
A17: PROGRAM NAME: | B17: =IF(Dec!B17="","",Dec!B17)
A18: CONTRACT BUDGET: | B18: =IF(Dec!B18="","",Dec!B18)
A19: 1 & 2 | B19: SALARIES, BENEFITS & TAXES | D19: =Dec!D19 -> 0 | E19: =SUM(F19)+Dec!E19 -> 0 | H19: =SUM(F31) -> 0 | K19: P.O. #:
A20: 4, 15 | B20: PROFESSIONAL FEES/GRANTS AND AWARDS | D20: =Dec!D20 -> 0 | E20: =SUM(F20)+Dec!E20 -> 0 | H20: Reconciliation Explanation | I20: Please use the below space for any comments about your monthly expenses (for example: you are including a true-up or you are including a refund due to the state).
A21: 5, 6, 7, 8,9 & 10 | B21: SUPPLIES, TELEPHONE, POSTAGE, OCCUPANCY EQUIPMENT RENTAL & PRINTING | D21: =Dec!D21 -> 0 | E21: =SUM(F21)+Dec!E21 -> 0
A22: 11 & 12 | B22: TRAVEL, CONFERENCES & MEETINGS | D22: =Dec!D22 -> 0 | E22: =SUM(F22)+Dec!E22 -> 0 | K22: CONTRACT#
A23: 13 | B23: INTEREST | D23: =Dec!D23 -> 0 | E23: =SUM(F23)+Dec!E23 -> 0 | K23: =+C10
A24: 14 | B24: INSURANCE | D24: =Dec!D24 -> 0 | E24: =SUM(F24)+Dec!E24 -> 0
A25: 16 | B25: SPECIFIC ASSISTANCE TO INDIVIDUALS | D25: =Dec!D25 -> 0 | E25: =SUM(F25)+Dec!E25 -> 0 | K25: PROGRAM #
A26: 17 | B26: DEPRECIATION | D26: =Dec!D26 -> 0 | E26: =SUM(F26)+Dec!E26 -> 0 | K26: =+B16
A27: 18 | B27: OTHER NONPERSONNEL EXPENSES | D27: =Dec!D27 -> 0 | E27: =SUM(F27)+Dec!E27 -> 0
A28: 20 | B28: CAPITAL PURCHASE | D28: =Dec!D28 -> 0 | E28: =SUM(F28)+Dec!E28 -> 0 | K28: AMOUNT:
A29: 21 | B29: TOTAL DIRECT PROGRAM EXPENSES | D29: =SUM(D19:D28) -> 0 | E29: =SUM(E19:E28) -> 0 | F29: =SUM(F19:G28) -> 0 | K29: =F31 -> 0
A30: 22 | B30: INDIRECT COSTS / ADMINISTRATIVE EXPENSES | D30: =Dec!D30 -> 0 | E30: =ROUND(SUM(F30),2)+Dec!E30 -> 0
A31: 23 | B31: TOTAL DIRECT AND ADMINISTRATIVE EXPENSES | D31: =SUM(D29:D30) -> 0 | E31: =SUM(E29:E30) -> 0 | F31: =SUM(F29:G30) -> 0 | K31: TOTAL:
A32: 24 | B32: IN-KIND EXPENSES | D32: =Dec!D32 -> 0 | E32: =SUM(F32)+Dec!E32 -> 0 | K32: $
A33: 25 | B33: TOTAL EXPENSES | D33: =SUM(D31:D32) -> 0 | E33: =SUM(E31:E32) -> 0 | F33: =SUM(F31:G32) -> 0
A34: I Certify, to the Best of my Knowledge and Belief, the data above is correct and all expenditures were made in accordance with the contract conditions and payment is due and has not been previously requested. | G34: TDMHSAS SECTION ONLY
A36: (REQUIRED) GRANTEE'S AUTHORIZED SIGNATURE: | G36: APPROVED BY:____________________________DATE___________________
A37: NAME TITLE | G37: If not approved for payment – please state reason: ___________________________
G38: ___________________________________________________________________
A39: DATE | C39: Additional Comments if needed | G39: DISAPPROVED BY:____________________________ DATE:____________PROGRAM DIRECTOR
A40: TIMELY FILED, ERROR FREE INVOICES SPEED UP PAYMENT PROCESSING AND ARE APPRECIATED. | K40: =+Oct!K40 -> Form Date: 9/21/2026

Sheet Feb
B1: STATE OF TENNESSEE | K1: =+Oct!K1 -> FY - 2027
B2: DEPARTMENT OF MENTAL HEALTH AND SUBSTANCE ABUSE SERVICES
B3: INVOICE FOR REIMBURSEMENT
A6: (EDISON) NAME OF GRANTEE : | C6: =IF(Jan!C6="","",Jan!C6) | F6: GRANTEE REFERENCE #:
A7: (EDISON) REMITTANCE ADDRESS: | C7: =IF(Jan!C7="","",Jan!C7) | F7: MONTHLY INVOICE ENDING DATE: | J7: =+Sheet1!G10 -> 46446
C8: =IF(Jan!C8="","",Jan!C8) | F8: INVOICE PERIOD COVERED: | J8: =+Sheet1!L10 -> 02/01/2027 thru 02/28/2027
A9: (EDISON) VENDOR NUMBER: | C9: =IF(Jan!C9="","",Jan!C9) | F9: INVOICE PREPARER NAME: | J9: =IF(Jan!J9="","",Jan!J9)
A10: (EDISON) CONTRACT # | C10: =IF(Jan!C10="","",Jan!C10) | F10: TELEPHONE #: | J10: =IF(Jan!J10="","",Jan!J10)
A11: CONTRACT PERIOD: | C11: =IF(Jan!C11="","",Jan!C11) | F11: E-MAIL: | J11: =IF(Jan!J11="","",Jan!J11)
A14: THIS FORM IS DESIGNED TO BE USED FOR ONE PROGRAM, IF YOU HAVE SEVERAL PROGRAMS, YOU MUST COMPLETE A FORM FOR EACH PROGRAM.
A16: PROGRAM CODE: | B16: =IF(Jan!B16="","",Jan!B16) | D16: CONTRACT BUDGETED AMOUNT | E16: YEAR-TO-DATE EXPENDITURES BILLED TO TDMHSAS | F16: THIS MONTH’S TDMHSAS EXPENDITURES | I16: AMOUNT DUE | K16: TDMHSAS USE ONLY
A17: PROGRAM NAME: | B17: =IF(Jan!B17="","",Jan!B17)
A18: CONTRACT BUDGET: | B18: =IF(Jan!B18="","",Jan!B18)
A19: 1 & 2 | B19: SALARIES, BENEFITS & TAXES | D19: =Jan!D19 -> 0 | E19: =SUM(F19)+Jan!E19 -> 0 | H19: =SUM(F31) -> 0 | K19: P.O. #:
A20: 4, 15 | B20: PROFESSIONAL FEES/GRANTS AND AWARDS | D20: =Jan!D20 -> 0 | E20: =SUM(F20)+Jan!E20 -> 0 | H20: Reconciliation Explanation | I20: Please use the below space for any comments about your monthly expenses (for example: you are including a true-up or you are including a refund due to the state).
A21: 5, 6, 7, 8,9 & 10 | B21: SUPPLIES, TELEPHONE, POSTAGE, OCCUPANCY EQUIPMENT RENTAL & PRINTING | D21: =Jan!D21 -> 0 | E21: =SUM(F21)+Jan!E21 -> 0
A22: 11 & 12 | B22: TRAVEL, CONFERENCES & MEETINGS | D22: =Jan!D22 -> 0 | E22: =SUM(F22)+Jan!E22 -> 0 | K22: CONTRACT#
A23: 13 | B23: INTEREST | D23: =Jan!D23 -> 0 | E23: =SUM(F23)+Jan!E23 -> 0 | K23: =+C10
A24: 14 | B24: INSURANCE | D24: =Jan!D24 -> 0 | E24: =SUM(F24)+Jan!E24 -> 0
A25: 16 | B25: SPECIFIC ASSISTANCE TO INDIVIDUALS | D25: =Jan!D25 -> 0 | E25: =SUM(F25)+Jan!E25 -> 0 | K25: PROGRAM #
A26: 17 | B26: DEPRECIATION | D26: =Jan!D26 -> 0 | E26: =SUM(F26)+Jan!E26 -> 0 | K26: =+B16
A27: 18 | B27: OTHER NONPERSONNEL EXPENSES | D27: =Jan!D27 -> 0 | E27: =SUM(F27)+Jan!E27 -> 0
A28: 20 | B28: CAPITAL PURCHASE | D28: =Jan!D28 -> 0 | E28: =SUM(F28)+Jan!E28 -> 0 | K28: AMOUNT:
A29: 21 | B29: TOTAL DIRECT PROGRAM EXPENSES | D29: =SUM(D19:D28) -> 0 | E29: =SUM(E19:E28) -> 0 | F29: =SUM(F19:G28) -> 0 | K29: =F31 -> 0
A30: 22 | B30: INDIRECT COSTS / ADMINISTRATIVE EXPENSES | D30: =Jan!D30 -> 0 | E30: =ROUND(SUM(F30),2)+Jan!E30 -> 0
A31: 23 | B31: TOTAL DIRECT AND ADMINISTRATIVE EXPENSES | D31: =SUM(D29:D30) -> 0 | E31: =SUM(E29:E30) -> 0 | F31: =SUM(F29:G30) -> 0 | K31: TOTAL:
A32: 24 | B32: IN-KIND EXPENSES | D32: =Jan!D32 -> 0 | E32: =SUM(F32)+Jan!E32 -> 0 | K32: $
A33: 25 | B33: TOTAL EXPENSES | D33: =SUM(D31:D32) -> 0 | E33: =SUM(E31:E32) -> 0 | F33: =SUM(F31:G32) -> 0
A34: I Certify, to the Best of my Knowledge and Belief, the data above is correct and all expenditures were made in accordance with the contract conditions and payment is due and has not been previously requested. | G34: TDMHSAS SECTION ONLY
A36: (REQUIRED) GRANTEE'S AUTHORIZED SIGNATURE: | G36: APPROVED BY:____________________________DATE___________________
A37: NAME TITLE | G37: If not approved for payment – please state reason: ___________________________
G38: ___________________________________________________________________
A39: DATE | C39: Additional Comments if needed | G39: DISAPPROVED BY:____________________________ DATE:____________PROGRAM DIRECTOR
A40: TIMELY FILED, ERROR FREE INVOICES SPEED UP PAYMENT PROCESSING AND ARE APPRECIATED. | K40: =+Oct!K40 -> Form Date: 9/21/2026

Sheet Mar
B1: STATE OF TENNESSEE | K1: =+Oct!K1 -> FY - 2027
B2: DEPARTMENT OF MENTAL HEALTH AND SUBSTANCE ABUSE SERVICES
B3: INVOICE FOR REIMBURSEMENT
A6: (EDISON) NAME OF GRANTEE : | C6: =IF(Feb!C6="","",Feb!C6) | F6: GRANTEE REFERENCE #:
A7: (EDISON) REMITTANCE ADDRESS: | C7: =IF(Feb!C7="","",Feb!C7) | F7: MONTHLY INVOICE ENDING DATE: | J7: =+Sheet1!G11 -> 46477
C8: =IF(Feb!C8="","",Feb!C8) | F8: INVOICE PERIOD COVERED: | J8: =+Sheet1!L11 -> 03/01/2027 thru 03/31/2027
A9: (EDISON) VENDOR NUMBER: | C9: =IF(Feb!C9="","",Feb!C9) | F9: INVOICE PREPARER NAME: | J9: =IF(Feb!J9="","",Feb!J9)
A10: (EDISON) CONTRACT # | C10: =IF(Feb!C10="","",Feb!C10) | F10: TELEPHONE #: | J10: =IF(Feb!J10="","",Feb!J10)
A11: CONTRACT PERIOD: | C11: =IF(Feb!C11="","",Feb!C11) | F11: E-MAIL: | J11: =IF(Feb!J11="","",Feb!J11)
A14: THIS FORM IS DESIGNED TO BE USED FOR ONE PROGRAM, IF YOU HAVE SEVERAL PROGRAMS, YOU MUST COMPLETE A FORM FOR EACH PROGRAM.
A16: PROGRAM CODE: | B16: =IF(Feb!B16="","",Feb!B16) | D16: CONTRACT BUDGETED AMOUNT | E16: YEAR-TO-DATE EXPENDITURES BILLED TO TDMHSAS | F16: THIS MONTH’S TDMHSAS EXPENDITURES | I16: AMOUNT DUE | K16: TDMHSAS USE ONLY
A17: PROGRAM NAME: | B17: =IF(Feb!B17="","",Feb!B17)
A18: CONTRACT BUDGET: | B18: =IF(Feb!B18="","",Feb!B18)
A19: 1 & 2 | B19: SALARIES, BENEFITS & TAXES | D19: =Feb!D19 -> 0 | E19: =SUM(F19)+Feb!E19 -> 0 | H19: =SUM(F31) -> 0 | K19: P.O. #:
A20: 4, 15 | B20: PROFESSIONAL FEES/GRANTS AND AWARDS | D20: =Feb!D20 -> 0 | E20: =SUM(F20)+Feb!E20 -> 0 | H20: Reconciliation Explanation | I20: Please use the below space for any comments about your monthly expenses (for example: you are including a true-up or you are including a refund due to the state).
A21: 5, 6, 7, 8,9 & 10 | B21: SUPPLIES, TELEPHONE, POSTAGE, OCCUPANCY EQUIPMENT RENTAL & PRINTING | D21: =Feb!D21 -> 0 | E21: =SUM(F21)+Feb!E21 -> 0
A22: 11 & 12 | B22: TRAVEL, CONFERENCES & MEETINGS | D22: =Feb!D22 -> 0 | E22: =SUM(F22)+Feb!E22 -> 0 | K22: CONTRACT#
A23: 13 | B23: INTEREST | D23: =Feb!D23 -> 0 | E23: =SUM(F23)+Feb!E23 -> 0 | K23: =+C10
A24: 14 | B24: INSURANCE | D24: =Feb!D24 -> 0 | E24: =SUM(F24)+Feb!E24 -> 0
A25: 16 | B25: SPECIFIC ASSISTANCE TO INDIVIDUALS | D25: =Feb!D25 -> 0 | E25: =SUM(F25)+Feb!E25 -> 0 | K25: PROGRAM #
A26: 17 | B26: DEPRECIATION | D26: =Feb!D26 -> 0 | E26: =SUM(F26)+Feb!E26 -> 0 | K26: =+B16
A27: 18 | B27: OTHER NONPERSONNEL EXPENSES | D27: =Feb!D27 -> 0 | E27: =SUM(F27)+Feb!E27 -> 0
A28: 20 | B28: CAPITAL PURCHASE | D28: =Feb!D28 -> 0 | E28: =SUM(F28)+Feb!E28 -> 0 | K28: AMOUNT:
A29: 21 | B29: TOTAL DIRECT PROGRAM EXPENSES | D29: =SUM(D19:D28) -> 0 | E29: =SUM(E19:E28) -> 0 | F29: =SUM(F19:G28) -> 0 | K29: =F31 -> 0
A30: 22 | B30: INDIRECT COSTS / ADMINISTRATIVE EXPENSES | D30: =Feb!D30 -> 0 | E30: =ROUND(SUM(F30),2)+Feb!E30 -> 0
A31: 23 | B31: TOTAL DIRECT AND ADMINISTRATIVE EXPENSES | D31: =SUM(D29:D30) -> 0 | E31: =SUM(E29:E30) -> 0 | F31: =SUM(F29:G30) -> 0 | K31: TOTAL:
A32: 24 | B32: IN-KIND EXPENSES | D32: =Feb!D32 -> 0 | E32: =SUM(F32)+Feb!E32 -> 0 | K32: $
A33: 25 | B33: TOTAL EXPENSES | D33: =SUM(D31:D32) -> 0 | E33: =SUM(E31:E32) -> 0 | F33: =SUM(F31:G32) -> 0
A34: I Certify, to the Best of my Knowledge and Belief, the data above is correct and all expenditures were made in accordance with the contract conditions and payment is due and has not been previously requested. | G34: TDMHSAS SECTION ONLY
A36: (REQUIRED) GRANTEE'S AUTHORIZED SIGNATURE: | G36: APPROVED BY:____________________________DATE___________________
A37: NAME TITLE | G37: If not approved for payment – please state reason: ___________________________
G38: ___________________________________________________________________
A39: DATE | C39: Additional Comments if needed | G39: DISAPPROVED BY:____________________________ DATE:____________PROGRAM DIRECTOR
A40: TIMELY FILED, ERROR FREE INVOICES SPEED UP PAYMENT PROCESSING AND ARE APPRECIATED. | K40: =+Oct!K40 -> Form Date: 9/21/2026

Sheet Apr
B1: STATE OF TENNESSEE | K1: =+Oct!K1 -> FY - 2027
B2: DEPARTMENT OF MENTAL HEALTH AND SUBSTANCE ABUSE SERVICES
B3: INVOICE FOR REIMBURSEMENT
A6: (EDISON) NAME OF GRANTEE : | C6: =IF(Mar!C6="","",Mar!C6) | F6: GRANTEE REFERENCE #:
A7: (EDISON) REMITTANCE ADDRESS: | C7: =IF(Mar!C7="","",Mar!C7) | F7: MONTHLY INVOICE ENDING DATE: | J7: =+Sheet1!G12 -> 46507
C8: =IF(Mar!C8="","",Mar!C8) | F8: INVOICE PERIOD COVERED: | J8: =+Sheet1!L12 -> 04/01/2027 thru 04/30/2027
A9: (EDISON) VENDOR NUMBER: | C9: =IF(Mar!C9="","",Mar!C9) | F9: INVOICE PREPARER NAME: | J9: =IF(Mar!J9="","",Mar!J9)
A10: (EDISON) CONTRACT # | C10: =IF(Mar!C10="","",Mar!C10) | F10: TELEPHONE #: | J10: =IF(Mar!J10="","",Mar!J10)
A11: CONTRACT PERIOD: | C11: =IF(Mar!C11="","",Mar!C11) | F11: E-MAIL: | J11: =IF(Mar!J11="","",Mar!J11)
A14: THIS FORM IS DESIGNED TO BE USED FOR ONE PROGRAM, IF YOU HAVE SEVERAL PROGRAMS, YOU MUST COMPLETE A FORM FOR EACH PROGRAM.
A16: PROGRAM CODE: | B16: =IF(Mar!B16="","",Mar!B16) | D16: CONTRACT BUDGETED AMOUNT | E16: YEAR-TO-DATE EXPENDITURES BILLED TO TDMHSAS | F16: THIS MONTH’S TDMHSAS EXPENDITURES | I16: AMOUNT DUE | K16: TDMHSAS USE ONLY
A17: PROGRAM NAME: | B17: =IF(Mar!B17="","",Mar!B17)
A18: CONTRACT BUDGET: | B18: =IF(Mar!B18="","",Mar!B18)
A19: 1 & 2 | B19: SALARIES, BENEFITS & TAXES | D19: =Mar!D19 -> 0 | E19: =SUM(F19)+Mar!E19 -> 0 | H19: =SUM(F31) -> 0 | K19: P.O. #:
A20: 4, 15 | B20: PROFESSIONAL FEES/GRANTS AND AWARDS | D20: =Mar!D20 -> 0 | E20: =SUM(F20)+Mar!E20 -> 0 | I20: Please use the below space for any comments about your monthly expenses (for example: you are including a true-up or you are including a refund due to the state).
A21: 5, 6, 7, 8,9 & 10 | B21: SUPPLIES, TELEPHONE, POSTAGE, OCCUPANCY EQUIPMENT RENTAL & PRINTING | D21: =Mar!D21 -> 0 | E21: =SUM(F21)+Mar!E21 -> 0
A22: 11 & 12 | B22: TRAVEL, CONFERENCES & MEETINGS | D22: =Mar!D22 -> 0 | E22: =SUM(F22)+Mar!E22 -> 0 | K22: CONTRACT#
A23: 13 | B23: INTEREST | D23: =Mar!D23 -> 0 | E23: =SUM(F23)+Mar!E23 -> 0 | K23: =+C10
A24: 14 | B24: INSURANCE | D24: =Mar!D24 -> 0 | E24: =SUM(F24)+Mar!E24 -> 0
A25: 16 | B25: SPECIFIC ASSISTANCE TO INDIVIDUALS | D25: =Mar!D25 -> 0 | E25: =SUM(F25)+Mar!E25 -> 0 | K25: PROGRAM #
A26: 17 | B26: DEPRECIATION | D26: =Mar!D26 -> 0 | E26: =SUM(F26)+Mar!E26 -> 0 | K26: =+B16
A27: 18 | B27: OTHER NONPERSONNEL EXPENSES | D27: =Mar!D27 -> 0 | E27: =SUM(F27)+Mar!E27 -> 0
A28: 20 | B28: CAPITAL PURCHASE | D28: =Mar!D28 -> 0 | E28: =SUM(F28)+Mar!E28 -> 0 | K28: AMOUNT:
A29: 21 | B29: TOTAL DIRECT PROGRAM EXPENSES | D29: =SUM(D19:D28) -> 0 | E29: =SUM(E19:E28) -> 0 | F29: =SUM(F19:G28) -> 0 | K29: =F31 -> 0
A30: 22 | B30: INDIRECT COSTS / ADMINISTRATIVE EXPENSES | D30: =Mar!D30 -> 0 | E30: =ROUND(SUM(F30),2)+Mar!E30 -> 0
A31: 23 | B31: TOTAL DIRECT AND ADMINISTRATIVE EXPENSES | D31: =SUM(D29:D30) -> 0 | E31: =SUM(E29:E30) -> 0 | F31: =SUM(F29:G30) -> 0 | K31: TOTAL:
A32: 24 | B32: IN-KIND EXPENSES | D32: =Mar!D32 -> 0 | E32: =SUM(F32)+Mar!E32 -> 0 | K32: $
A33: 25 | B33: TOTAL EXPENSES | D33: =SUM(D31:D32) -> 0 | E33: =SUM(E31:E32) -> 0 | F33: =SUM(F31:G32) -> 0
A34: I Certify, to the Best of my Knowledge and Belief, the data above is correct and all expenditures were made in accordance with the contract conditions and payment is due and has not been previously requested. | G34: TDMHSAS SECTION ONLY
A36: (REQUIRED) GRANTEE'S AUTHORIZED SIGNATURE: | G36: APPROVED BY:____________________________DATE___________________
A37: NAME TITLE | G37: If not approved for payment – please state reason: ___________________________
G38: ___________________________________________________________________
A39: DATE | C39: Additional Comments if needed | G39: DISAPPROVED BY:____________________________ DATE:____________PROGRAM DIRECTOR
A40: TIMELY FILED, ERROR FREE INVOICES SPEED UP PAYMENT PROCESSING AND ARE APPRECIATED. | K40: =+Oct!K40 -> Form Date: 9/21/2026

Sheet May
B1: STATE OF TENNESSEE | K1: =+Oct!K1 -> FY - 2027
B2: DEPARTMENT OF MENTAL HEALTH AND SUBSTANCE ABUSE SERVICES
B3: INVOICE FOR REIMBURSEMENT
A6: (EDISON) NAME OF GRANTEE : | C6: =IF(Apr!C6="","",Apr!C6) | F6: GRANTEE REFERENCE #:
A7: (EDISON) REMITTANCE ADDRESS: | C7: =IF(Apr!C7="","",Apr!C7) | F7: MONTHLY INVOICE ENDING DATE: | J7: =+Sheet1!G13 -> 46538
C8: =IF(Apr!C8="","",Apr!C8) | F8: INVOICE PERIOD COVERED: | J8: =+Sheet1!L13 -> 05/01/2027 thru 05/31/2027
A9: (EDISON) VENDOR NUMBER: | C9: =IF(Apr!C9="","",Apr!C9) | F9: INVOICE PREPARER NAME: | J9: =IF(Apr!J9="","",Apr!J9)
A10: (EDISON) CONTRACT # | C10: =IF(Apr!C10="","",Apr!C10) | F10: TELEPHONE #: | J10: =IF(Apr!J10="","",Apr!J10)
A11: CONTRACT PERIOD: | C11: =IF(Apr!C11="","",Apr!C11) | F11: E-MAIL: | J11: =IF(Apr!J11="","",Apr!J11)
A14: THIS FORM IS DESIGNED TO BE USED FOR ONE PROGRAM, IF YOU HAVE SEVERAL PROGRAMS, YOU MUST COMPLETE A FORM FOR EACH PROGRAM.
A16: PROGRAM CODE: | B16: =IF(Apr!B16="","",Apr!B16) | D16: CONTRACT BUDGETED AMOUNT | E16: YEAR-TO-DATE EXPENDITURES BILLED TO TDMHSAS | F16: THIS MONTH’S TDMHSAS EXPENDITURES | I16: AMOUNT DUE | K16: TDMHSAS USE ONLY
A17: PROGRAM NAME: | B17: =IF(Apr!B17="","",Apr!B17)
A18: CONTRACT BUDGET: | B18: =IF(Apr!B18="","",Apr!B18)
A19: 1 & 2 | B19: SALARIES, BENEFITS & TAXES | D19: =Apr!D19 -> 0 | E19: =SUM(F19)+Apr!E19 -> 0 | H19: =SUM(F31) -> 0 | K19: P.O. #:
A20: 4, 15 | B20: PROFESSIONAL FEES/GRANTS AND AWARDS | D20: =Apr!D20 -> 0 | E20: =SUM(F20)+Apr!E20 -> 0 | H20: Reconciliation Explanation | I20: Please use the below space for any comments about your monthly expenses (for example: you are including a true-up or you are including a refund due to the state).
A21: 5, 6, 7, 8,9 & 10 | B21: SUPPLIES, TELEPHONE, POSTAGE, OCCUPANCY EQUIPMENT RENTAL & PRINTING | D21: =Apr!D21 -> 0 | E21: =SUM(F21)+Apr!E21 -> 0
A22: 11 & 12 | B22: TRAVEL, CONFERENCES & MEETINGS | D22: =Apr!D22 -> 0 | E22: =SUM(F22)+Apr!E22 -> 0 | K22: CONTRACT#
A23: 13 | B23: INTEREST | D23: =Apr!D23 -> 0 | E23: =SUM(F23)+Apr!E23 -> 0 | K23: =+C10
A24: 14 | B24: INSURANCE | D24: =Apr!D24 -> 0 | E24: =SUM(F24)+Apr!E24 -> 0
A25: 16 | B25: SPECIFIC ASSISTANCE TO INDIVIDUALS | D25: =Apr!D25 -> 0 | E25: =SUM(F25)+Apr!E25 -> 0 | K25: PROGRAM #
A26: 17 | B26: DEPRECIATION | D26: =Apr!D26 -> 0 | E26: =SUM(F26)+Apr!E26 -> 0 | K26: =+B16
A27: 18 | B27: OTHER NONPERSONNEL EXPENSES | D27: =Apr!D27 -> 0 | E27: =SUM(F27)+Apr!E27 -> 0
A28: 20 | B28: CAPITAL PURCHASE | D28: =Apr!D28 -> 0 | E28: =SUM(F28)+Apr!E28 -> 0 | K28: AMOUNT:
A29: 21 | B29: TOTAL DIRECT PROGRAM EXPENSES | D29: =SUM(D19:D28) -> 0 | E29: =SUM(E19:E28) -> 0 | F29: =SUM(F19:G28) -> 0 | K29: =F31 -> 0
A30: 22 | B30: INDIRECT COSTS / ADMINISTRATIVE EXPENSES | D30: =Apr!D30 -> 0 | E30: =ROUND(SUM(F30),2)+Apr!E30 -> 0
A31: 23 | B31: TOTAL DIRECT AND ADMINISTRATIVE EXPENSES | D31: =SUM(D29:D30) -> 0 | E31: =SUM(E29:E30) -> 0 | F31: =SUM(F29:G30) -> 0 | K31: TOTAL:
A32: 24 | B32: IN-KIND EXPENSES | D32: =Apr!D32 -> 0 | E32: =SUM(F32)+Apr!E32 -> 0 | K32: $
A33: 25 | B33: TOTAL EXPENSES | D33: =SUM(D31:D32) -> 0 | E33: =SUM(E31:E32) -> 0 | F33: =SUM(F31:G32) -> 0
A34: I Certify, to the Best of my Knowledge and Belief, the data above is correct and all expenditures were made in accordance with the contract conditions and payment is due and has not been previously requested. | G34: TDMHSAS SECTION ONLY
A36: (REQUIRED) GRANTEE'S AUTHORIZED SIGNATURE: | G36: APPROVED BY:____________________________DATE___________________
A37: NAME TITLE | G37: If not approved for payment – please state reason: ___________________________
G38: ___________________________________________________________________
A39: DATE | C39: Additional Comments if needed | G39: DISAPPROVED BY:____________________________ DATE:____________PROGRAM DIRECTOR
A40: TIMELY FILED, ERROR FREE INVOICES SPEED UP PAYMENT PROCESSING AND ARE APPRECIATED. | K40: =+Oct!K40 -> Form Date: 9/21/2026

Sheet Jun
B1: STATE OF TENNESSEE | K1: =+Oct!K1 -> FY - 2027
B2: DEPARTMENT OF MENTAL HEALTH AND SUBSTANCE ABUSE SERVICES
B3: INVOICE FOR REIMBURSEMENT
A6: (EDISON) NAME OF GRANTEE : | C6: =IF(May!C6="","",May!C6) | F6: GRANTEE REFERENCE #:
A7: (EDISON) REMITTANCE ADDRESS: | C7: =IF(May!C7="","",May!C7) | F7: MONTHLY INVOICE ENDING DATE: | J7: =+Sheet1!G14 -> 46568
C8: =IF(May!C8="","",May!C8) | F8: INVOICE PERIOD COVERED: | J8: =+Sheet1!L14 -> 06/01/2027 thru 06/30/2027
A9: (EDISON) VENDOR NUMBER: | C9: =IF(May!C9="","",May!C9) | F9: INVOICE PREPARER NAME: | J9: =IF(May!J9="","",May!J9)
A10: (EDISON) CONTRACT # | C10: =IF(May!C10="","",May!C10) | F10: TELEPHONE #: | J10: =IF(May!J10="","",May!J10)
A11: CONTRACT PERIOD: | C11: =IF(May!C11="","",May!C11) | F11: E-MAIL: | J11: =IF(May!J11="","",May!J11)
A14: THIS FORM IS DESIGNED TO BE USED FOR ONE PROGRAM, IF YOU HAVE SEVERAL PROGRAMS, YOU MUST COMPLETE A FORM FOR EACH PROGRAM.
A16: PROGRAM CODE: | B16: =IF(May!B16="","",May!B16) | D16: CONTRACT BUDGETED AMOUNT | E16: YEAR-TO-DATE EXPENDITURES BILLED TO TDMHSAS | F16: THIS MONTH’S TDMHSAS EXPENDITURES | I16: AMOUNT DUE | K16: TDMHSAS USE ONLY
A17: PROGRAM NAME: | B17: =IF(May!B17="","",May!B17)
A18: CONTRACT BUDGET: | B18: =IF(May!B18="","",May!B18)
A19: 1 & 2 | B19: SALARIES, BENEFITS & TAXES | D19: =May!D19 -> 0 | E19: =SUM(F19)+May!E19 -> 0 | H19: =SUM(F31) -> 0 | K19: P.O. #:
A20: 4, 15 | B20: PROFESSIONAL FEES/GRANTS AND AWARDS | D20: =May!D20 -> 0 | E20: =SUM(F20)+May!E20 -> 0 | H20: Reconciliation Explanation | I20: Please use the below space for any comments about your monthly expenses (for example: you are including a true-up or you are including a refund due to the state).
A21: 5, 6, 7, 8,9 & 10 | B21: SUPPLIES, TELEPHONE, POSTAGE, OCCUPANCY EQUIPMENT RENTAL & PRINTING | D21: =May!D21 -> 0 | E21: =SUM(F21)+May!E21 -> 0
A22: 11 & 12 | B22: TRAVEL, CONFERENCES & MEETINGS | D22: =May!D22 -> 0 | E22: =SUM(F22)+May!E22 -> 0 | K22: CONTRACT#
A23: 13 | B23: INTEREST | D23: =May!D23 -> 0 | E23: =SUM(F23)+May!E23 -> 0 | K23: =+C10
A24: 14 | B24: INSURANCE | D24: =May!D24 -> 0 | E24: =SUM(F24)+May!E24 -> 0
A25: 16 | B25: SPECIFIC ASSISTANCE TO INDIVIDUALS | D25: =May!D25 -> 0 | E25: =SUM(F25)+May!E25 -> 0 | K25: PROGRAM #
A26: 17 | B26: DEPRECIATION | D26: =May!D26 -> 0 | E26: =SUM(F26)+May!E26 -> 0 | K26: =+B16
A27: 18 | B27: OTHER NONPERSONNEL EXPENSES | D27: =May!D27 -> 0 | E27: =SUM(F27)+May!E27 -> 0
A28: 20 | B28: CAPITAL PURCHASE | D28: =May!D28 -> 0 | E28: =SUM(F28)+May!E28 -> 0 | K28: AMOUNT:
A29: 21 | B29: TOTAL DIRECT PROGRAM EXPENSES | D29: =SUM(D19:D28) -> 0 | E29: =SUM(E19:E28) -> 0 | F29: =SUM(F19:G28) -> 0 | K29: =F31 -> 0
A30: 22 | B30: INDIRECT COSTS / ADMINISTRATIVE EXPENSES | D30: =May!D30 -> 0 | E30: =ROUND(SUM(F30),2)+May!E30 -> 0
A31: 23 | B31: TOTAL DIRECT AND ADMINISTRATIVE EXPENSES | D31: =SUM(D29:D30) -> 0 | E31: =SUM(E29:E30) -> 0 | F31: =SUM(F29:G30) -> 0 | K31: TOTAL:
A32: 24 | B32: IN-KIND EXPENSES | D32: =May!D32 -> 0 | E32: =SUM(F32)+May!E32 -> 0 | K32: $
A33: 25 | B33: TOTAL EXPENSES | D33: =SUM(D31:D32) -> 0 | E33: =SUM(E31:E32) -> 0 | F33: =SUM(F31:G32) -> 0
A34: I Certify, to the Best of my Knowledge and Belief, the data above is correct and all expenditures were made in accordance with the contract conditions and payment is due and has not been previously requested. | G34: TDMHSAS SECTION ONLY
A36: (REQUIRED) GRANTEE'S AUTHORIZED SIGNATURE: | G36: APPROVED BY:____________________________DATE___________________
A37: NAME TITLE | G37: If not approved for payment – please state reason: ___________________________
G38: ___________________________________________________________________
A39: DATE | C39: Additional Comments if needed | G39: DISAPPROVED BY:____________________________ DATE:____________PROGRAM DIRECTOR
A40: TIMELY FILED, ERROR FREE INVOICES SPEED UP PAYMENT PROCESSING AND ARE APPRECIATED. | K40: =+Oct!K40 -> Form Date: 9/21/2026

Sheet Jul
B1: STATE OF TENNESSEE | K1: =+Oct!K1 -> FY - 2027
B2: DEPARTMENT OF MENTAL HEALTH AND SUBSTANCE ABUSE SERVICES
B3: INVOICE FOR REIMBURSEMENT
A6: (EDISON) NAME OF GRANTEE : | C6: =IF(Jun!C6="","",Jun!C6) | F6: GRANTEE REFERENCE #:
A7: (EDISON) REMITTANCE ADDRESS: | C7: =IF(Jun!C7="","",Jun!C7) | F7: MONTHLY INVOICE ENDING DATE: | J7: =+Sheet1!G15 -> 46599
C8: =IF(Jun!C8="","",Jun!C8) | F8: INVOICE PERIOD COVERED: | J8: =+Sheet1!L15 -> 07/01/2027 thru 07/31/2027
A9: (EDISON) VENDOR NUMBER: | C9: =IF(Jun!C9="","",Jun!C9) | F9: INVOICE PREPARER NAME: | J9: =IF(Jun!J9="","",Jun!J9)
A10: (EDISON) CONTRACT # | C10: =IF(Jun!C10="","",Jun!C10) | F10: TELEPHONE #: | J10: =IF(Jun!J10="","",Jun!J10)
A11: CONTRACT PERIOD: | C11: =IF(Jun!C11="","",Jun!C11) | F11: E-MAIL: | J11: =IF(Jun!J11="","",Jun!J11)
A14: THIS FORM IS DESIGNED TO BE USED FOR ONE PROGRAM, IF YOU HAVE SEVERAL PROGRAMS, YOU MUST COMPLETE A FORM FOR EACH PROGRAM.
A16: PROGRAM CODE: | B16: =IF(Jun!B16="","",Jun!B16) | D16: CONTRACT BUDGETED AMOUNT | E16: YEAR-TO-DATE EXPENDITURES BILLED TO TDMHSAS | F16: THIS MONTH’S TDMHSAS EXPENDITURES | I16: AMOUNT DUE | K16: TDMHSAS USE ONLY
A17: PROGRAM NAME: | B17: =IF(Jun!B17="","",Jun!B17)
A18: CONTRACT BUDGET: | B18: =IF(Jun!B18="","",Jun!B18)
A19: 1 & 2 | B19: SALARIES, BENEFITS & TAXES | D19: =Jun!D19 -> 0 | E19: =SUM(F19)+Jun!E19 -> 0 | H19: =SUM(F31) -> 0 | K19: P.O. #:
A20: 4, 15 | B20: PROFESSIONAL FEES/GRANTS AND AWARDS | D20: =Jun!D20 -> 0 | E20: =SUM(F20)+Jun!E20 -> 0 | H20: Reconciliation Explanation | I20: Please use the below space for any comments about your monthly expenses (for example: you are including a true-up or you are including a refund due to the state).
A21: 5, 6, 7, 8,9 & 10 | B21: SUPPLIES, TELEPHONE, POSTAGE, OCCUPANCY EQUIPMENT RENTAL & PRINTING | D21: =Jun!D21 -> 0 | E21: =SUM(F21)+Jun!E21 -> 0
A22: 11 & 12 | B22: TRAVEL, CONFERENCES & MEETINGS | D22: =Jun!D22 -> 0 | E22: =SUM(F22)+Jun!E22 -> 0 | K22: CONTRACT#
A23: 13 | B23: INTEREST | D23: =Jun!D23 -> 0 | E23: =SUM(F23)+Jun!E23 -> 0 | K23: =+C10
A24: 14 | B24: INSURANCE | D24: =Jun!D24 -> 0 | E24: =SUM(F24)+Jun!E24 -> 0
A25: 16 | B25: SPECIFIC ASSISTANCE TO INDIVIDUALS | D25: =Jun!D25 -> 0 | E25: =SUM(F25)+Jun!E25 -> 0 | K25: PROGRAM #
A26: 17 | B26: DEPRECIATION | D26: =Jun!D26 -> 0 | E26: =SUM(F26)+Jun!E26 -> 0 | K26: =+B16
A27: 18 | B27: OTHER NONPERSONNEL EXPENSES | D27: =Jun!D27 -> 0 | E27: =SUM(F27)+Jun!E27 -> 0
A28: 20 | B28: CAPITAL PURCHASE | D28: =Jun!D28 -> 0 | E28: =SUM(F28)+Jun!E28 -> 0 | K28: AMOUNT:
A29: 21 | B29: TOTAL DIRECT PROGRAM EXPENSES | D29: =SUM(D19:D28) -> 0 | E29: =SUM(E19:E28) -> 0 | F29: =SUM(F19:G28) -> 0 | K29: =F31 -> 0
A30: 22 | B30: INDIRECT COSTS / ADMINISTRATIVE EXPENSES | D30: =Jun!D30 -> 0 | E30: =ROUND(SUM(F30),2)+Jun!E30 -> 0
A31: 23 | B31: TOTAL DIRECT AND ADMINISTRATIVE EXPENSES | D31: =SUM(D29:D30) -> 0 | E31: =SUM(E29:E30) -> 0 | F31: =SUM(F29:G30) -> 0 | K31: TOTAL:
A32: 24 | B32: IN-KIND EXPENSES | D32: =Jun!D32 -> 0 | E32: =SUM(F32)+Jun!E32 -> 0 | K32: $
A33: 25 | B33: TOTAL EXPENSES | D33: =SUM(D31:D32) -> 0 | E33: =SUM(E31:E32) -> 0 | F33: =SUM(F31:G32) -> 0
A34: I Certify, to the Best of my Knowledge and Belief, the data above is correct and all expenditures were made in accordance with the contract conditions and payment is due and has not been previously requested. | G34: TDMHSAS SECTION ONLY
A36: (REQUIRED) GRANTEE'S AUTHORIZED SIGNATURE: | G36: APPROVED BY:____________________________DATE___________________
A37: NAME TITLE | G37: If not approved for payment – please state reason: ___________________________
A38: mark | G38: ___________________________________________________________________
A39: DATE | C39: Additional Comments if needed | G39: DISAPPROVED BY:____________________________ DATE:____________PROGRAM DIRECTOR
A40: TIMELY FILED, ERROR FREE INVOICES SPEED UP PAYMENT PROCESSING AND ARE APPRECIATED. | K40: =+Oct!K40 -> Form Date: 9/21/2026

Sheet Aug
B1: STATE OF TENNESSEE | K1: =+Oct!K1 -> FY - 2027
B2: DEPARTMENT OF MENTAL HEALTH AND SUBSTANCE ABUSE SERVICES
B3: INVOICE FOR REIMBURSEMENT
A6: (EDISON) NAME OF GRANTEE : | C6: =IF(Jul!C6="","",Jul!C6) | F6: GRANTEE REFERENCE #:
A7: (EDISON) REMITTANCE ADDRESS: | C7: =IF(Jul!C7="","",Jul!C7) | F7: MONTHLY INVOICE ENDING DATE: | J7: =+Sheet1!G16 -> 46630
C8: =IF(Jul!C8="","",Jul!C8) | F8: INVOICE PERIOD COVERED: | J8: =+Sheet1!L16 -> 08/01/2027 thru 08/31/2027
A9: (EDISON) VENDOR NUMBER: | C9: =IF(Jul!C9="","",Jul!C9) | F9: INVOICE PREPARER NAME: | J9: =IF(Jul!J9="","",Jul!J9)
A10: (EDISON) CONTRACT # | C10: =IF(Jul!C10="","",Jul!C10) | F10: TELEPHONE #: | J10: =IF(Jul!J10="","",Jul!J10)
A11: CONTRACT PERIOD: | C11: =IF(Jul!C11="","",Jul!C11) | F11: E-MAIL: | J11: =IF(Jul!J11="","",Jul!J11)
A14: THIS FORM IS DESIGNED TO BE USED FOR ONE PROGRAM, IF YOU HAVE SEVERAL PROGRAMS, YOU MUST COMPLETE A FORM FOR EACH PROGRAM.
A16: PROGRAM CODE: | B16: =IF(Jul!B16="","",Jul!B16) | D16: CONTRACT BUDGETED AMOUNT | E16: YEAR-TO-DATE EXPENDITURES BILLED TO TDMHSAS | F16: THIS MONTH’S TDMHSAS EXPENDITURES | I16: AMOUNT DUE | K16: TDMHSAS USE ONLY
A17: PROGRAM NAME: | B17: =IF(Jul!B17="","",Jul!B17)
A18: CONTRACT BUDGET: | B18: =IF(Jul!B18="","",Jul!B18)
A19: 1 & 2 | B19: SALARIES, BENEFITS & TAXES | D19: =Jul!D19 -> 0 | E19: =SUM(F19)+Jul!E19 -> 0 | H19: =SUM(F31) -> 0 | K19: P.O. #:
A20: 4, 15 | B20: PROFESSIONAL FEES/GRANTS AND AWARDS | D20: =Jul!D20 -> 0 | E20: =SUM(F20)+Jul!E20 -> 0 | H20: Reconciliation Explanation | I20: Please use the below space for any comments about your monthly expenses (for example: you are including a true-up or you are including a refund due to the state).
A21: 5, 6, 7, 8,9 & 10 | B21: SUPPLIES, TELEPHONE, POSTAGE, OCCUPANCY EQUIPMENT RENTAL & PRINTING | D21: =Jul!D21 -> 0 | E21: =SUM(F21)+Jul!E21 -> 0
A22: 11 & 12 | B22: TRAVEL, CONFERENCES & MEETINGS | D22: =Jul!D22 -> 0 | E22: =SUM(F22)+Jul!E22 -> 0 | K22: CONTRACT#
A23: 13 | B23: INTEREST | D23: =Jul!D23 -> 0 | E23: =SUM(F23)+Jul!E23 -> 0 | K23: =+C10
A24: 14 | B24: INSURANCE | D24: =Jul!D24 -> 0 | E24: =SUM(F24)+Jul!E24 -> 0
A25: 16 | B25: SPECIFIC ASSISTANCE TO INDIVIDUALS | D25: =Jul!D25 -> 0 | E25: =SUM(F25)+Jul!E25 -> 0 | K25: PROGRAM #
A26: 17 | B26: DEPRECIATION | D26: =Jul!D26 -> 0 | E26: =SUM(F26)+Jul!E26 -> 0 | K26: =+B16
A27: 18 | B27: OTHER NONPERSONNEL EXPENSES | D27: =Jul!D27 -> 0 | E27: =SUM(F27)+Jul!E27 -> 0
A28: 20 | B28: CAPITAL PURCHASE | D28: =Jul!D28 -> 0 | E28: =SUM(F28)+Jul!E28 -> 0 | K28: AMOUNT:
A29: 21 | B29: TOTAL DIRECT PROGRAM EXPENSES | D29: =SUM(D19:D28) -> 0 | E29: =SUM(E19:E28) -> 0 | F29: =SUM(F19:G28) -> 0 | K29: =F31 -> 0
A30: 22 | B30: INDIRECT COSTS / ADMINISTRATIVE EXPENSES | D30: =Jul!D30 -> 0 | E30: =ROUND(SUM(F30),2)+Jul!E30 -> 0
A31: 23 | B31: TOTAL DIRECT AND ADMINISTRATIVE EXPENSES | D31: =SUM(D29:D30) -> 0 | E31: =SUM(E29:E30) -> 0 | F31: =SUM(F29:G30) -> 0 | K31: TOTAL:
A32: 24 | B32: IN-KIND EXPENSES | D32: =Jul!D32 -> 0 | E32: =SUM(F32)+Jul!E32 -> 0 | K32: $
A33: 25 | B33: TOTAL EXPENSES | D33: =SUM(D31:D32) -> 0 | E33: =SUM(E31:E32) -> 0 | F33: =SUM(F31:G32) -> 0
A34: I Certify, to the Best of my Knowledge and Belief, the data above is correct and all expenditures were made in accordance with the contract conditions and payment is due and has not been previously requested. | G34: TDMHSAS SECTION ONLY
A36: (REQUIRED) GRANTEE'S AUTHORIZED SIGNATURE: | G36: APPROVED BY:____________________________DATE___________________
A37: NAME TITLE | G37: If not approved for payment – please state reason: ___________________________
G38: ___________________________________________________________________
A39: DATE | C39: Additional Comments if needed | G39: DISAPPROVED BY:____________________________ DATE:____________PROGRAM DIRECTOR
A40: TIMELY FILED, ERROR FREE INVOICES SPEED UP PAYMENT PROCESSING AND ARE APPRECIATED. | K40: =+Oct!K40 -> Form Date: 9/21/2026

Sheet Sept
B1: STATE OF TENNESSEE | K1: =+Oct!K1 -> FY - 2027
B2: DEPARTMENT OF MENTAL HEALTH AND SUBSTANCE ABUSE SERVICES
B3: INVOICE FOR REIMBURSEMENT
A6: (EDISON) NAME OF GRANTEE : | C6: =IF(Aug!C6="","",Aug!C6) | F6: GRANTEE REFERENCE #:
A7: (EDISON) REMITTANCE ADDRESS: | C7: =IF(Aug!C7="","",Aug!C7) | F7: MONTHLY INVOICE ENDING DATE: | J7: =+Sheet1!G17 -> 46660
C8: =IF(Aug!C8="","",Aug!C8) | F8: INVOICE PERIOD COVERED: | J8: =+Sheet1!L17 -> 09/01/2027 thru 09/30/2027
A9: (EDISON) VENDOR NUMBER: | C9: =IF(Aug!C9="","",Aug!C9) | F9: INVOICE PREPARER NAME: | J9: =IF(Aug!J9="","",Aug!J9)
A10: (EDISON) CONTRACT # | C10: =IF(Aug!C10="","",Aug!C10) | F10: TELEPHONE #: | J10: =IF(Aug!J10="","",Aug!J10)
A11: CONTRACT PERIOD: | C11: =IF(Aug!C11="","",Aug!C11) | F11: E-MAIL: | J11: =IF(Aug!J11="","",Aug!J11)
A14: THIS FORM IS DESIGNED TO BE USED FOR ONE PROGRAM, IF YOU HAVE SEVERAL PROGRAMS, YOU MUST COMPLETE A FORM FOR EACH PROGRAM.
A16: PROGRAM CODE: | B16: =IF(Aug!B16="","",Aug!B16) | D16: CONTRACT BUDGETED AMOUNT | E16: YEAR-TO-DATE EXPENDITURES BILLED TO TDMHSAS | F16: THIS MONTH’S TDMHSAS EXPENDITURES | I16: AMOUNT DUE | K16: TDMHSAS USE ONLY
A17: PROGRAM NAME: | B17: =IF(Aug!B17="","",Aug!B17)
A18: CONTRACT BUDGET: | B18: =IF(Aug!B18="","",Aug!B18)
A19: 1 & 2 | B19: SALARIES, BENEFITS & TAXES | D19: =Aug!D19 -> 0 | E19: =SUM(F19)+Aug!E19 -> 0 | H19: =SUM(F31) -> 0 | K19: P.O. #:
A20: 4, 15 | B20: PROFESSIONAL FEES/GRANTS AND AWARDS | D20: =Aug!D20 -> 0 | E20: =SUM(F20)+Aug!E20 -> 0 | H20: Reconciliation Explanation | I20: Please use the below space for any comments about your monthly expenses (for example: you are including a true-up or you are including a refund due to the state).
A21: 5, 6, 7, 8,9 & 10 | B21: SUPPLIES, TELEPHONE, POSTAGE, OCCUPANCY EQUIPMENT RENTAL & PRINTING | D21: =Aug!D21 -> 0 | E21: =SUM(F21)+Aug!E21 -> 0
A22: 11 & 12 | B22: TRAVEL, CONFERENCES & MEETINGS | D22: =Aug!D22 -> 0 | E22: =SUM(F22)+Aug!E22 -> 0 | K22: CONTRACT#
A23: 13 | B23: INTEREST | D23: =Aug!D23 -> 0 | E23: =SUM(F23)+Aug!E23 -> 0 | K23: =+C10
A24: 14 | B24: INSURANCE | D24: =Aug!D24 -> 0 | E24: =SUM(F24)+Aug!E24 -> 0
A25: 16 | B25: SPECIFIC ASSISTANCE TO INDIVIDUALS | D25: =Aug!D25 -> 0 | E25: =SUM(F25)+Aug!E25 -> 0 | K25: PROGRAM #
A26: 17 | B26: DEPRECIATION | D26: =Aug!D26 -> 0 | E26: =SUM(F26)+Aug!E26 -> 0 | K26: =+B16
A27: 18 | B27: OTHER NONPERSONNEL EXPENSES | D27: =Aug!D27 -> 0 | E27: =SUM(F27)+Aug!E27 -> 0
A28: 20 | B28: CAPITAL PURCHASE | D28: =Aug!D28 -> 0 | E28: =SUM(F28)+Aug!E28 -> 0 | K28: AMOUNT:
A29: 21 | B29: TOTAL DIRECT PROGRAM EXPENSES | D29: =SUM(D19:D28) -> 0 | E29: =SUM(E19:E28) -> 0 | F29: =SUM(F19:G28) -> 0 | K29: =F31 -> 0
A30: 22 | B30: INDIRECT COSTS / ADMINISTRATIVE EXPENSES | D30: =Aug!D30 -> 0 | E30: =ROUND(SUM(F30),2)+Aug!E30 -> 0
A31: 23 | B31: TOTAL DIRECT AND ADMINISTRATIVE EXPENSES | D31: =SUM(D29:D30) -> 0 | E31: =SUM(E29:E30) -> 0 | F31: =SUM(F29:G30) -> 0 | K31: TOTAL:
A32: 24 | B32: IN-KIND EXPENSES | D32: =Aug!D32 -> 0 | E32: =SUM(F32)+Aug!E32 -> 0 | K32: $
A33: 25 | B33: TOTAL EXPENSES | D33: =SUM(D31:D32) -> 0 | E33: =SUM(E31:E32) -> 0 | F33: =SUM(F31:G32) -> 0
A34: I Certify, to the Best of my Knowledge and Belief, the data above is correct and all expenditures were made in accordance with the contract conditions and payment is due and has not been previously requested. | G34: TDMHSAS SECTION ONLY
A36: (REQUIRED) GRANTEE'S AUTHORIZED SIGNATURE: | G36: APPROVED BY:____________________________DATE___________________
A37: NAME TITLE | G37: If not approved for payment – please state reason: ___________________________
G38: ___________________________________________________________________
A39: DATE | C39: Additional Comments if needed | G39: DISAPPROVED BY:____________________________ DATE:____________PROGRAM DIRECTOR
A40: TIMELY FILED, ERROR FREE INVOICES SPEED UP PAYMENT PROCESSING AND ARE APPRECIATED. | K40: =+Oct!K40 -> Form Date: 9/21/2026

Sheet 13
B1: STATE OF TENNESSEE | K1: =+Oct!K1 -> FY - 2027
B2: DEPARTMENT OF MENTAL HEALTH AND SUBSTANCE ABUSE SERVICES
B3: INVOICE FOR REIMBURSEMENT
A6: (EDISON) NAME OF GRANTEE : | C6: =IF(Sept!C6="","",Sept!C6) | F6: GRANTEE REFERENCE #:
A7: (EDISON) REMITTANCE ADDRESS: | C7: =IF(Sept!C7="","",Sept!C7) | F7: MONTHLY INVOICE ENDING DATE: | J7: =+Sheet1!G18 -> 46691
C8: =IF(Sept!C8="","",Sept!C8) | F8: INVOICE PERIOD COVERED: | J8: =+Sheet1!L18 -> 10/01/2027 thru 10/31/2027
A9: (EDISON) VENDOR NUMBER: | C9: =IF(Sept!C9="","",Sept!C9) | F9: INVOICE PREPARER NAME: | J9: =IF(Sept!J9="","",Sept!J9)
A10: (EDISON) CONTRACT # | C10: =IF(Sept!C10="","",Sept!C10) | F10: TELEPHONE #: | J10: =IF(Sept!J10="","",Sept!J10)
A11: CONTRACT PERIOD: | C11: =IF(Sept!C11="","",Sept!C11) | F11: E-MAIL: | J11: =IF(Sept!J11="","",Sept!J11)
A14: THIS FORM IS DESIGNED TO BE USED FOR ONE PROGRAM, IF YOU HAVE SEVERAL PROGRAMS, YOU MUST COMPLETE A FORM FOR EACH PROGRAM.
A16: PROGRAM CODE: | B16: =IF(Sept!B16="","",Sept!B16) | D16: CONTRACT BUDGETED AMOUNT | E16: YEAR-TO-DATE EXPENDITURES BILLED TO TDMHSAS | F16: THIS MONTH’S TDMHSAS EXPENDITURES | I16: AMOUNT DUE | K16: TDMHSAS USE ONLY
A17: PROGRAM NAME: | B17: =IF(Sept!B17="","",Sept!B17)
A18: CONTRACT BUDGET: | B18: =IF(Sept!B18="","",Sept!B18)
A19: 1 & 2 | B19: SALARIES, BENEFITS & TAXES | D19: =Sept!D19 -> 0 | E19: =SUM(F19)+Sept!E19 -> 0 | H19: =SUM(F31) -> 0 | K19: P.O. #:
A20: 4, 15 | B20: PROFESSIONAL FEES/GRANTS AND AWARDS | D20: =Sept!D20 -> 0 | E20: =SUM(F20)+Sept!E20 -> 0 | H20: Reconciliation Explanation | I20: Refund or reconciliation comments in the space below:
A21: 5, 6, 7, 8,9 & 10 | B21: SUPPLIES, TELEPHONE, POSTAGE, OCCUPANCY EQUIPMENT RENTAL & PRINTING | D21: =Sept!D21 -> 0 | E21: =SUM(F21)+Sept!E21 -> 0
A22: 11 & 12 | B22: TRAVEL, CONFERENCES & MEETINGS | D22: =Sept!D22 -> 0 | E22: =SUM(F22)+Sept!E22 -> 0 | K22: CONTRACT#
A23: 13 | B23: INTEREST | D23: =Sept!D23 -> 0 | E23: =SUM(F23)+Sept!E23 -> 0 | K23: =+C10
A24: 14 | B24: INSURANCE | D24: =Sept!D24 -> 0 | E24: =SUM(F24)+Sept!E24 -> 0
A25: 16 | B25: SPECIFIC ASSISTANCE TO INDIVIDUALS | D25: =Sept!D25 -> 0 | E25: =SUM(F25)+Sept!E25 -> 0 | K25: PROGRAM #
A26: 17 | B26: DEPRECIATION | D26: =Sept!D26 -> 0 | E26: =SUM(F26)+Sept!E26 -> 0 | K26: =+B16
A27: 18 | B27: OTHER NONPERSONNEL EXPENSES | D27: =Sept!D27 -> 0 | E27: =SUM(F27)+Sept!E27 -> 0
A28: 20 | B28: CAPITAL PURCHASE | D28: =Sept!D28 -> 0 | E28: =SUM(F28)+Sept!E28 -> 0 | K28: AMOUNT:
A29: 21 | B29: TOTAL DIRECT PROGRAM EXPENSES | D29: =SUM(D19:D28) -> 0 | E29: =SUM(E19:E28) -> 0 | F29: =SUM(F19:G28) -> 0 | K29: =F31 -> 0
A30: 22 | B30: INDIRECT COSTS / ADMINISTRATIVE EXPENSES | D30: =Sept!D30 -> 0 | E30: =ROUND(SUM(F30),2)+Sept!E30 -> 0
A31: 23 | B31: TOTAL DIRECT AND ADMINISTRATIVE EXPENSES | D31: =SUM(D29:D30) -> 0 | E31: =SUM(E29:E30) -> 0 | F31: =SUM(F29:G30) -> 0 | K31: TOTAL:
A32: 24 | B32: IN-KIND EXPENSES | D32: =Sept!D32 -> 0 | E32: =SUM(F32)+Sept!E32 -> 0 | K32: $
A33: 25 | B33: TOTAL EXPENSES | D33: =SUM(D31:D32) -> 0 | E33: =SUM(E31:E32) -> 0 | F33: =SUM(F31:G32) -> 0
A34: I Certify, to the Best of my Knowledge and Belief, the data above is correct and all expenditures were made in accordance with the contract conditions and payment is due and has not been previously requested. | G34: TDMHSAS SECTION ONLY
A36: (REQUIRED) GRANTEE'S AUTHORIZED SIGNATURE: | G36: APPROVED BY:____________________________DATE___________________
A37: NAME TITLE | G37: If not approved for payment – please state reason: ___________________________
G38: ___________________________________________________________________
A39: DATE | C39: Additional Comments if needed | G39: DISAPPROVED BY:____________________________ DATE:____________PROGRAM DIRECTOR
A40: TIMELY FILED, ERROR FREE INVOICES SPEED UP PAYMENT PROCESSING AND ARE APPRECIATED. | K40: =+Oct!K40 -> Form Date: 9/21/2026

Sheet Sheet1
A1: fiscal26 | G1: 44920 | J1: 44893 | L1: ="From "&TEXT(J1,"mm/dd/yyyy")&" thru "&TEXT(G1,"mm/dd/yyyy") -> From 11/28/2022 thru 12/25/2022
G5: MONTH END | H5: Days in Month | I5: Days minus 1 | J5: MONTH Start | L5: MONTH RANGE
C6: 46326 | G6: 46326 | H6: 31 | I6: =+H6-1 -> 30 | J6: =+G6-I6 -> 46296 | L6: =TEXT(J6,"mm/dd/yyyy")&" thru "&TEXT(G6,"mm/dd/yyyy") -> 10/01/2026 thru 10/31/2026
C7: 46356 | G7: =+G6+H7 -> 46356 | H7: 30 | I7: =+H7-1 -> 29 | J7: =+G7-I7 -> 46327 | L7: =TEXT(J7,"mm/dd/yyyy")&" thru "&TEXT(G7,"mm/dd/yyyy") -> 11/01/2026 thru 11/30/2026
C8: 46387 | G8: =+G7+H8 -> 46387 | H8: 31 | I8: =+H8-1 -> 30 | J8: =+G8-I8 -> 46357 | L8: =TEXT(J8,"mm/dd/yyyy")&" thru "&TEXT(G8,"mm/dd/yyyy") -> 12/01/2026 thru 12/31/2026
C9: 46418 | G9: =+G8+H9 -> 46418 | H9: 31 | I9: =+H9-1 -> 30 | J9: =+G9-I9 -> 46388 | L9: =TEXT(J9,"mm/dd/yyyy")&" thru "&TEXT(G9,"mm/dd/yyyy") -> 01/01/2027 thru 01/31/2027
C10: 46446 | G10: =+G9+H10 -> 46446 | H10: 28 | I10: =+H10-1 -> 27 | J10: =+G10-I10 -> 46419 | L10: =TEXT(J10,"mm/dd/yyyy")&" thru "&TEXT(G10,"mm/dd/yyyy") -> 02/01/2027 thru 02/28/2027
C11: 46477 | G11: =+G10+H11 -> 46477 | H11: 31 | I11: =+H11-1 -> 30 | J11: =+G11-I11 -> 46447 | L11: =TEXT(J11,"mm/dd/yyyy")&" thru "&TEXT(G11,"mm/dd/yyyy") -> 03/01/2027 thru 03/31/2027
C12: 46507 | G12: =+G11+H12 -> 46507 | H12: 30 | I12: =+H12-1 -> 29 | J12: =+G12-I12 -> 46478 | L12: =TEXT(J12,"mm/dd/yyyy")&" thru "&TEXT(G12,"mm/dd/yyyy") -> 04/01/2027 thru 04/30/2027
C13: 46538 | G13: =+G12+H13 -> 46538 | H13: 31 | I13: =+H13-1 -> 30 | J13: =+G13-I13 -> 46508 | L13: =TEXT(J13,"mm/dd/yyyy")&" thru "&TEXT(G13,"mm/dd/yyyy") -> 05/01/2027 thru 05/31/2027
C14: 46568 | G14: =+G13+H14 -> 46568 | H14: 30 | I14: =+H14-1 -> 29 | J14: =+G14-I14 -> 46539 | L14: =TEXT(J14,"mm/dd/yyyy")&" thru "&TEXT(G14,"mm/dd/yyyy") -> 06/01/2027 thru 06/30/2027
C15: 46599 | G15: =+G14+H15 -> 46599 | H15: 31 | I15: =+H15-1 -> 30 | J15: =+G15-I15 -> 46569 | L15: =TEXT(J15,"mm/dd/yyyy")&" thru "&TEXT(G15,"mm/dd/yyyy") -> 07/01/2027 thru 07/31/2027
C16: 46630 | G16: =+G15+H16 -> 46630 | H16: 31 | I16: =+H16-1 -> 30 | J16: =+G16-I16 -> 46600 | L16: =TEXT(J16,"mm/dd/yyyy")&" thru "&TEXT(G16,"mm/dd/yyyy") -> 08/01/2027 thru 08/31/2027
C17: 46660 | G17: =+G16+H17 -> 46660 | H17: 30 | I17: =+H17-1 -> 29 | J17: =+G17-I17 -> 46631 | L17: =TEXT(J17,"mm/dd/yyyy")&" thru "&TEXT(G17,"mm/dd/yyyy") -> 09/01/2027 thru 09/30/2027
C18: 13th Month | G18: =+G17+H18 -> 46691 | H18: 31 | I18: =+H18-1 -> 30 | J18: =+G18-I18 -> 46661 | L18: =TEXT(J18,"mm/dd/yyyy")&" thru "&TEXT(G18,"mm/dd/yyyy") -> 10/01/2027 thru 10/31/2027
G22: 46204 | H22: 46568 | I22: state year
G24: 46296 | H24: 46660 | I24: federal year
